details: 'quick ownage, checking APM'

« prev index next »

General information

Mini Map

Players

team 1
OrcRadon-r1sk (red | 51 APM | 551 actions | 10:45)
Hero icon 4 Blademaster
Ability icon 2 Wind Walk
Ability icon 2 Critical Strike
Hero icon 1 Shadow Hunter
Ability icon 1 Healing Wave

» actions
Assign group hotkey3
Basic commands41
Build / train33
Enter build submenu10
Enter hero's abilities submenu5
Give item / drop item2
Remove unit from queue1
Right click237
Select / deselect178
Select group hotkey15
Use ability26
551 total
» units
Peon10
Grunt5
Raider3
18 total
» upgrades
Berserker Strength1
Ensnare1
2 total
» buildings
Altar of Storms1
Orc Burrow4
Barracks1
Stronghold1
Voodoo Lounge1
Beastiary1
9 total
» build order
00:08 Altar of Storms
00:19 Orc Burrow
00:39 Barracks
01:36 Orc Burrow
02:46 Stronghold
02:52 Voodoo Lounge
05:10 Beastiary
06:53 Orc Burrow
07:25 Orc Burrow
» items
Healing Salve2
Boots of Speed1
Scroll of Healing1
4 total
team 2
Humancaveatemptor (green | 46 APM | 496 actions | 10:40)
Hero icon 1 Blood Mage
Ability icon 1 Flame Strike

» actions
Assign group hotkey12
Basic commands5
Build / train32
Enter build submenu13
Enter hero's abilities submenu1
Remove unit from queue1
Right click263
Select / deselect136
Select group hotkey14
Use ability19
496 total
» units
Peasant5
Footman17
22 total
» buildings
Barracks2
Farm5
Altar of Kings1
Keep1
Arcane Vault1
Lumber Mill1
Blacksmith1
Workshop1
13 total
» build order
00:08 Barracks
00:28 Barracks
00:45 Farm
01:44 Altar of Kings
02:00 Farm
02:08 Farm
02:35 Farm
02:40 Farm
04:54 Keep
05:00 Arcane Vault
07:06 Lumber Mill
07:09 Blacksmith
08:24 Workshop
» items
Scroll of Regeneration1
Scroll of Town Portal1
Potion of Mana2
Potion of Healing2
6 total